 Dungeon Crawl Stone Soup version 0.29.1-12-g30fa7ad0bf (webtiles) character file.

Game seed: 12875094912118165702

34 LustLizard the Chopper (level 3, 0/33 HPs)
             Began as a Minotaur Monk on Jan 6, 2023.
             Killed from afar by an orc wizard (4 damage)
             ... with a puff of flame
             ... on level 2 of the Dungeon.
             The game lasted 00:02:49 (1073 turns).

LustLizard the Chopper (Minotaur Monk)              Turns: 1073, Time: 00:02:50

Health: 0/33       AC:  8    Str: 17    XL:     3   Next: 14%
Magic:  2/2        EV:  7    Int:  7    God:
Gold:   69         SH:  0    Dex: 12    Spells: 2/2 levels left

rFire   . . .      SeeInvis .   a - +0 hand axe
rCold   . . .      Faith    .   (no shield)
rNeg    . . .      Spirit   .   g - +0 chain mail
rPois   .          Reflect  .   (helmet restricted)
rElec   .          Harm     .   (no cloak)
rCorr   .          Rampage  .   (no gloves)
Will    .....                   (no boots)
Stlth   ..........              (no amulet)
HPRegen 0.11/turn               (no ring)
MPRegen 0.08/turn               (no ring)

@: no status effects
A: horns 2, retaliatory headbutt
a: no special abilities


You were on level 2 of the Dungeon.
You visited 1 branch of the dungeon, and saw 2 of its levels.

You collected 69 gold pieces.

Inventory:

Hand Weapons
 a - a +0 hand axe (weapon)
Missiles
 d - 4 poisoned darts
 k - 6 stones (quivered)
Armour
 b - a +0 robe
 f - a +0 ring mail
 g - a +0 chain mail (worn)
Scrolls
 e - a scroll of vulnerability {unknown}
 h - a scroll of blinking {unknown}
 i - a scroll of fog {unknown}
 l - a scroll of noise {unknown}
 n - a scroll of teleportation {unknown}
Potions
 c - a potion of ambrosia
 j - a potion of heal wounds {unknown}
 m - a potion of degeneration {unknown}


   Skills:
 + Level 4.0 Fighting
 * Level 4.5 Axes
 + Level 1.2 Throwing
 - Level 3.2 Dodging
 - Level 1.5 Stealth


You had 2 spell levels left.
You didn't know any spells.
Your spell library contained the following spells:

 Spells                   Type           Power      Damage    Failure   Level
 Freeze                   Ice            0%         1d3       100%        1
 Leda's Liquefaction      Hex/Erth       0%         N/A       100%        4
 Lee's Rapid Deconstruct  Erth           0%         3d5*      100%        5
 Statue Form              Tmut/Erth      0%         N/A       100%        6


Dungeon Overview and Level Annotations

Branches:
Dungeon (2/15)

Altars:

Shops:
D:2 =


Innate Abilities, Weirdness & Mutations

You have a pair of horns on your head.
You reflexively headbutt those who attack you in melee.


Message History

The orc shouts!
The orc wizard points at you and mumbles some strange words.
You resist with significant effort.
You hit the orc wizard.
The orc wizard is heavily wounded.
The orc wizard points at you and mumbles some strange words.
The puff of flame hits you.
You closely miss the orc wizard.
You headbutt the orc wizard, but do no damage.
The orc wizard is heavily wounded.
The orc wizard barely misses you.
The orc priest casts a cantrip, but nothing happens.
The orc wizard mumbles some strange words.
The orc wizard flickers and vanishes!
Deactivating autopickup; reactivate with Ctrl-A.
You closely miss the orc priest. You barely miss something.
The orc priest hits you but does no damage.
You hit the orc priest. You headbutt the orc priest!
The orc priest is severely wounded.
You hit something.
The orc priest invokes the aid of Beogh against you.
Beogh smites you! Something hits you but does no damage.
You hit the orc priest.
The orc priest is almost dead.
You closely miss the orc. You barely miss something.
The orc priest mumbles some strange prayers to Beogh against you.
Beogh smites you!
* * * LOW HITPOINT WARNING * * *
The orc barely misses you. You furiously retaliate!
You headbutt the orc, but do no damage.
You hear some strange, mumbled words.
Something tries to affect you, but you resist.
You closely miss the orc priest.
The orc priest is almost dead.
You barely miss the orc. You closely miss something. The orc barely misses you.
The orc priest hits you but does no damage.
You hear some strange, mumbled words.
A puff of flame appears from out of thin air!
The puff of flame hits you.
You die...

.# .. .. .. .#
#. #.. #o #.# #.
#o# #.##o### #
##?o@{..#
#.#...#.#.###.#
#.............#
........#†♣.####
. ###.##......#
. # ####♣∩♣# #
#..# #.♣# ###
#..# #..


You could see an orc priest and 2 orcs.

Vanquished Creatures
  An adder (D:2)
  A dart slug (D:1)
  4 bats
  A giant cockroach (D:1)
  2 hobgoblins
  3 jackals (D:1)
  A quokka (D:1)
  2 ball pythons (D:1)
  A frilled lizard (D:2)
  2 goblins
  2 kobolds (D:1)
  3 rats
23 creatures vanquished.

Notes
Turn   | Place    | Note
-------+----------+-------------------------------------------
     0 | D:1      | LustLizard the Minotaur Monk began the quest for the Orb.
     0 | D:1      | Reached XP level 1. HP: 19/19 MP: 0/0
   163 | D:1      | Found a faded altar of an unknown god.
   171 | D:1      | Got Plato's Papyrus of Hoarfrost
   337 | D:1      | Reached XP level 2. HP: 27/27 MP: 1/1
   542 | D:1      | Reached skill level 1 in Throwing
  1055 | D:2      | Found Piekhlu's Jewellery Boutique.
  1064 | D:2      | Reached XP level 3. HP: 33/33 MP: 2/2
  1073 | D:2      | Killed from afar by an orc wizard

Illustrated notes

Levels and vault maps discovered:
D:1:      minmay_arrival_arboretum_small, layout_basic,
          shapermc_ecumenical_altar_rom_forum
D:2:      layout_loops_ring, serial_shops, nicolae_shop_trees

Skill      XL: |  1  2 |
---------------+-------+-----
Axes           | 4 |  4.5
Throwing       | 1 |  1.2
Fighting       | 4 |  4.0
Dodging        | |  3.2
Stealth        | |  1.5

Action                   || total
-------------------------++-------
Melee: Hand axe          ||    55
       Headbutt          ||    12
       Punch             ||     1
 Stab: Sleeping          ||     1
Armor: Chain mail        ||    28
       Ring mail         ||     2
Dodge: Dodged            ||    21
